 Dungeon Crawl Stone Soup version 0.28-a0-662-g1651b1f1e0 (webtiles) character file.

Game seed: 17933335961715542335

584 flotson the Sneak (level 7, 0/55 HPs)
             Began as a Demonspawn Delver on Oct 14, 2021.
             Slain by a killer bee (6 damage)
             ... on level 5 of the Dungeon.
             The game lasted 00:08:17 (4776 turns).

flotson the Sneak (Demonspawn Delver)               Turns: 4776, Time: 00:08:19

Health: 0/55       AC: 11    Str: 14    XL:     7   Next: 14%
Magic:  7/7        EV: 10    Int: 11    God:
Gold:   227        SH:  0    Dex: 15    Spells: 6/6 levels left

rFire   . . .      SeeInvis .   u - +1 flail (protect)
rCold   . . .      Faith    .   (no shield)
rNeg    + . .      Spirit   .   q - +0 scale mail
rPois   .          Reflect  .   d - +0 helmet
rElec   .          Harm     .   (no cloak)
rCorr   .          Rampage  .   (no gloves)
Will    .....                   (no boots)
Stlth   +.........              (no amulet)
HPRegen 0.18/turn               y - ring of positive energy
MPRegen 0.10/turn               o - +4 ring of protection

@: lethally poisoned (0 -> -7)
A: ignite blood 1, powered by pain 1
a: no special abilities


You were on level 5 of the Dungeon.
You visited 1 branch of the dungeon, and saw 5 of its levels.

You collected 227 gold pieces.

Inventory:

Hand Weapons
 a - a +0 war axe
 u - a +1 flail of protection (weapon)
Missiles
 i - 52 sling bullets
 k - 23 poisoned darts (quivered)
Armour
 d - a +0 helmet (worn)
 m - a +0 pair of gloves
 q - a +0 scale mail (worn)
 D - a +2 pair of gloves
Jewellery
 l - a ring of flight
 n - a ring of wizardry
 o - a +4 ring of protection (right hand)
 y - a ring of positive energy (left hand)
Wands
 g - a wand of digging (2)
 w - a wand of charming (12)
Scrolls
 b - a scroll of blinking {unknown}
 c - a scroll of fog
 e - a scroll of fear
 j - 8 scrolls of identify {unknown}
 r - 3 scrolls of silence {unknown}
 t - 2 scrolls of immolation {unknown}
 x - a scroll of teleportation {unknown}
Potions
 f - a potion of haste
 h - a potion of degeneration {unknown}
 p - a potion of cancellation {unknown}
 s - 2 potions of attraction {unknown}
 v - a potion of heal wounds {unknown}
 z - a potion of resistance {unknown}
 A - a potion of curing {unknown}
 B - a potion of might {unknown}
 C - a potion of flight {unknown}


   Skills:
 + Level 4.5 Fighting
 + Level 2.6 Axes
 + Level 2.9 Throwing
 + Level 2.9 Armour
 + Level 3.5 Dodging
 - Level 4.5 Stealth
 + Level 1.9 Evocations


You had 6 spell levels left.
You didn't know any spells.
Your spell library contained the following spells:

 Spells                   Type           Power      Damage    Failure   Level
 Beastly Appendage        Tmut           0%         N/A       82%         1
 Sting                    Tmut/Pois      0%         1d3       82%         1
 Poisonous Vapours        Pois/Air       0%         N/A       91%         2
 Wereblood                Tmut           0%         N/A       91%         2
 Spider Form              Tmut/Pois      0%         N/A       99%         3
 Olgreb's Toxic Radiance  Pois           0%         N/A       100%        4


Dungeon Overview and Level Annotations

Branches:
Dungeon (5/15)
 Temple: D:4-7

Altars:
Wu Jian
Xom

Annotations:
D:4 ytrimaz's ghost, amateur HOMo
D:5 1 runed translucent door, MisterAzrael's ghost, novice DrTm


Innate Abilities, Weirdness & Mutations

Your demonic aura sometimes causes spilled blood to erupt in flames.
You sometimes gain a little power by taking damage.


Message History

The killer bee closely misses you. The killer bee stings you!
Unknown command.
You miss the killer bee.
The killer bee is heavily wounded.
The killer bee stings you but does no damage.
The killer bee stings you. The killer bee barely misses you.
Unknown command.
You closely miss the killer bee.
The killer bee is heavily wounded.
The killer bee barely misses you. x2; The killer bee stings you.
Unknown command.
You miss the killer bee.
The killer bee is heavily wounded.
The killer bee stings you!
You are poisoned.
The killer bee poisons you! The killer bee stings you.
You hit the killer bee.
Your weapon exudes an aura of protection.
The killer bee is almost dead.
You feel very sick. The killer bee closely misses you.
The killer bee stings you.
The killer bee stings you but does no damage.
You miss the killer bee.
The killer bee is almost dead.
You feel sick.
The killer bee stings you but does no damage.
The killer bee stings you.
* * * LOW HITPOINT WARNING * * *
You miss the killer bee.
The killer bee is almost dead.
You feel sick. The killer bee barely misses you.
The killer bee stings you but does no damage.
The killer bee closely misses you.
You closely miss the killer bee.
The killer bee is almost dead.
You feel sick. The killer bee misses you. The killer bee stings you!
* * * LOW HITPOINT WARNING * * *
You are lethally poisoned!
The killer bee poisons you! The killer bee stings you.
You die...

*#######....# #..###.....>.....
,,*,#.......# #..###.###.......
*,*,#.......# #......##..###)..
*,*,######### #.#######..# #..#
,,,,* *** #.# #..###..# *,***
**,** #.# #.......# *,*
**,#.####.# ####.#.###.# ,,*
*,**#.....# #.>.....##.#
**********,#.###@## #.##.......#
,,,,,,,,,,,,** #y## #.####..####
********..######yy####.......#***
*#.PP..P.y÷..PP..#(.......
#.....≈÷.....P........#.#
#...$≈≈≈........#......,#
#...!≈≈≈≈...$...#.....#.*
##.♣≈≈≈≈≈≈.≈≈..r#.....#.#
#P≈≈≈≈≈≈≈≈≈P..........,.


You could see 4 killer bees.

Vanquished Creatures
  2 ogres
  A sky beast (D:5)
  A phantom (D:4)
  A killer bee (D:5)
  A hound (D:5)
  A centaur skeleton (D:4)
  6 adders
  A white imp (D:5)
  3 dart slugs (D:2)
  9 orcs
  6 endoplasms
  A giant cockroach (D:2)
  2 goblins (D:1)
  7 hobgoblins
  4 jackals (D:1)
  4 kobolds
  5 quokkas
  4 ball pythons
  5 bats
  5 frilled lizards
  12 rats
81 creatures vanquished.

Vanquished Creatures (others)
  11 plants (D:5)
11 creatures vanquished.

Grand Total: 92 creatures vanquished

Notes
Turn   | Place    | Note
-------+----------+-------------------------------------------
     0 | D:5      | flotson the Demonspawn Delver began the quest for the Orb.
     0 | D:5      | Reached XP level 1. HP: 18/18 MP: 1/1
    18 | D:5      | Noticed a killer bee
    18 | D:5      | Noticed a killer bee
    41 | D:5      | Noticed a sky beast
    52 | D:5      | Found a runed translucent door.
    57 | D:5      | Noticed MisterAzrael's ghost (novice DrTm)
   212 | D:4      | Noticed a phantom
   235 | D:3      | Found an ornate altar of the Wu Jian Council.
   581 | D:2      | Gained mutation: Your demonic aura sometimes causes spilled
                  | blood to erupt in flames. [demonic ancestry]
   581 | D:2      | Reached XP level 2. HP: 21/24 MP: 2/2
   994 | D:1      | Reached skill level 1 in Throwing
   995 | D:1      | Reached skill level 1 in Armour
   998 | D:1      | Reached XP level 3. HP: 29/29 MP: 3/3
  1418 | D:1      | Found a faded altar of an unknown god.
  2075 | D:3      | Reached XP level 4. HP: 13/35 MP: 4/4
  2303 | D:3      | Noticed an ogre
  2311 | D:3      | Killed an ogre
  2312 | D:3      | Reached XP level 5. HP: 41/42 MP: 5/5
  2893 | D:4      | Found a runed translucent door.
  2898 | D:4      | Noticed ytrimaz's ghost (amateur HOMo)
  2905 | D:4      | Killed a phantom
  3220 | D:4      | Gained mutation: You sometimes gain a little power by
                  | taking damage. [demonic ancestry]
  3220 | D:4      | Reached XP level 6. HP: 48/48 MP: 6/6
  3225 | D:4      | Reached skill level 1 in Evocations
  3642 | D:4      | HP: 2/48 [ytrimaz's ghost (3)]
  3661 | D:4      | HP: 1/48 [ytrimaz's ghost (4)]
  4114 | D:5      | Killed a sky beast
  4409 | D:5      | Found a shimmering altar of Xom.
  4483 | D:5      | Reached XP level 7. HP: 55/55 MP: 7/7
  4776 | D:5      | Slain by a killer bee

Illustrated notes

Levels and vault maps discovered:
D:1:      dpeg_arrival_lava_temple_mockup, layout_loops_cross,
          hellmonk_ecumenical_altar_leap_of_faith
D:2:      layout_loops_corners, minmay_strange_pillars
D:3:      layout_basic, nicolae_wu_jian_wuxing_cycle
D:4:      layout_cave_pods, ebering_ghost_sewer_d, fountainhead
D:5:      layout_loops_cross, lemuel_doored_altar,
          ebering_ghost_reflecting_pool, guppyfry_early_lair_pool

Skill      XL: |  1  2  3  4  5  6 |
---------------+-------------------+-----
Dodging        | 2 3 |  3.5
Throwing       | 1 2 |  2.9
Armour         | 1 2 |  2.9
Fighting       | 4 |  4.5
Axes           | 2 |  2.6
Evocations     | 1 |  1.9
Stealth        | |  4.5

Action                   |  1- 3 |  4- 6 |  7- 9 || total
-------------------------+-------+-------+-------++-------
Melee: War axe           |   105 |       |       ||   105
       Flail             |       |   126 |    26 ||   152
Throw: Dart              |     6 |     6 |       ||    12
Evoke: Wand              |     1 |       |       ||     1
  Use: Scroll            |     1 |       |     1 ||     2
       Potion            |       |     1 |       ||     1
 Stab: Sleeping          |    13 |     2 |       ||    15
Armor: Leather armour    |    23 |       |       ||    23
       Scale mail        |    34 |   108 |    31 ||   173
Dodge: Dodged            |    75 |    68 |    42 ||   185

Table legend: (Time is in decaauts)
 A = Elapsed time spent in this place.
 B = Non-inter-level travel time spent in this place.
 C = Inter-level travel time spent in this place.
 D = Time resting spent in this place.
 E = Time spent auto-exploring this place.
 F = Levels seen in this place.
 G = Mean time per level.
                   A        B        C        D        E       F      G
               +--------+--------+--------+--------+--------+-----+--------+
         Total |   4857 |   4709 |    148 |    133 |   3601 |   5 |  971.4 |
       Dungeon |   4857 |   4709 |    148 |    133 |   3601 |   5 |  971.4 |
               +--------+--------+--------+--------+--------+-----+--------+

Top non-repeatable levels by time:
     D:3: 1432 daAuts
     D:4: 1046 daAuts
     D:2: 952 daAuts
     D:5: 776 daAuts
     D:1: 650 daAuts
